 Dungeon Sprint DCSS version 0.19-a0-1513-gf6d23ed (webtiles) character file.

261 poirepourri the Unseen (level 5, -9/24 HPs)
             Began as a Spriggan Enchanter on Sept 12, 2016.
             Was a Follower of Dithmenos.
             Mangled by a wandering mushroom (16 damage)
             ... in the Dungeon (Sprint IV: "Fedhas' Mad Dash").
             The game lasted 00:02:18 (900 turns).

poirepourri the Unseen (Spriggan Enchanter)          Turns: 900, Time: 00:02:19

Health: -9/24      AC:  4    Str:  4    XL:     5   Next: 96%
Magic:  3/13       EV: 20    Int: 17    God:    Dithmenos [*.....]
Gold:   105        SH:  0    Dex: 17    Spells: 5 memorised, 2 levels left

rFire  . . .     SeeInvis +     a - +1 dagger
rCold  . . .     Gourm    .     b - +2 robe
rNeg   . . .     Faith    .     (shield restricted)
rPois  .         Spirit   .     (helmet restricted)
rElec  .         Dismiss  .     (no cloak)
rCorr  .         Reflect  .     (gloves unavailable)
MR     .....     Harm     .     (boots unavailable)
Stlth  +++....... NoTele   +    e - amulet of invisibility {+Inv}
                                (no ring)
                                (no ring)

@: confused, wreathed by umbra, very quick
A: unfitting armour, see invisible, herbivore 3, speed 3, slow metabolism 2
a: Renounce Religion, Evoke Invisibility


You were in the Dungeon.
You worshipped Dithmenos.
Dithmenos was aware of your devotion.
You were not hungry.

You visited 1 branch You collected 105 gold pieces.

Inventory:

Hand Weapons
 a - a +1 dagger (weapon)
Armour
 b - a +2 robe (worn)
Jewellery
 e - the amulet of invisibility (around neck) {+Inv}
   (You found it in the Dungeon)

   [amulet of nothing]

   It lets you turn invisible.
Scrolls
 j - a scroll of blinking
Potions
 f - a potion of heal wounds
 g - a potion of haste
 i - a potion of berserk rage
Books
 c - a book of Maledictions

   Spells                             Type                      Level
   a - Corona                         Hexes                        1
   b - Ensorcelled Hibernation        Hexes/Ice                    2
   c - Confuse                        Hexes                        3
   d - Tukima's Dance                 Hexes                        3
   e - Dazzling Spray                 Conjuration/Hexes            3
 k - a Young Poisoner's Handbook

   Spells                             Type                      Level
   a - Sting                          Conjuration/Poison           1
   b - Mephitic Cloud                 Conjuration/Poison/Air       3
   c - Olgreb's Toxic Radiance        Poison                       4
   d - Alistair's Intoxication        Transmutation/Poison         5
   e - Venom Bolt                     Conjuration/Poison           5
Comestibles
 d - a bread ration


   Skills:
 + Level 1.7 Short Blades
 + Level 4.8 Dodging
 + Level 15.1 Stealth
 + Level 5.4 Spellcasting
 + Level 6.9 Hexes
 - Level 0.8 Ice Magic


You had 2 spell levels left.
You knew the following spells:

 Your Spells              Type           Power        Failure   Level  Hunger
a - Corona                Hex            ####...      1%          1    None
b - Ensorcelled Hibernat  Hex/Ice        ###...       4%          2    #......
c - Confuse               Hex            ####....     2%          3    ##.....
d - Tukima's Dance        Hex            ####....     2%          3    ##.....
e - Dazzling Spray        Conj/Hex       ###...       12%         3    ##.....


Dungeon Overview and Level Annotations

Branches:
Dungeon (1/1)

Altars:
Cheibriados
Dithmenos
Elyvilon
Gozag
Hepliaklqana
Kikubaaqudgha
Makhleb
Nemelex Xobeh
Okawaru
Qazlal
Ru
Sif Muna
Trog
Uskayaw
Vehumet
Xom
Yredelemnul
Zin
The Shining One
Beogh
Jiyva
Lugonu

Shops:
D (?:


Innate Abilities, Weirdness & Mutations

You are tiny and cannot use many weapons and most armour.
You have supernaturally acute eyesight. (SInv)
You are a herbivore.
You cover ground extremely quickly.
You need consume almost no food.


Message History

The wandering mushroom releases spores at you.
You are engulfed in a cloud of spores!
You are confused.
There is an entrance to Baofyhud's Magic Scroll Shop here.
There is an open door here.
You hit the wandering mushroom but do no damage.
The wandering mushroom misses you.
You hit the wandering mushroom but do no damage.
You feel less confused.
The wandering mushroom releases spores at you but does no damage.
You hit the wandering mushroom but do no damage.
The wandering mushroom releases spores at you!
Ouch! That really hurt!
* * * LOW HITPOINT WARNING * * *
You are engulfed in a cloud of spores!
You are confused.
You're too confused to move!
The wandering mushroom releases spores at you!
Ouch! That really hurt!
You die...

################# #
._._._.⌠.#.)'...# .##∩
_._._._..)..#...#
.P'(|
._._._...#..###'##.(.#
_._._._..#..##∩∩@f...#
._._._.⌠.#############
##########


You could see a wandering mushroom and a burning bush.

Vanquished Creatures
  A scorpion (D)
  4 oklob saplings (D)
  A worker ant (D)
  2 spriggans (D)
  A river rat (D)
  A rat (D)
10 creatures vanquished.

Notes
Turn   | Place    | Note
-------+----------+-------------------------------------------
     0 | D        | poirepourri the Spriggan Enchanter began the quest for the Orb.
     0 | D        | Reached XP level 1. HP: 9/9 MP: 5/5
     9 | D        | Reached skill level 7 in Stealth
     9 | D        | Reached XP level 2. HP: 13/13 MP: 6/6
   125 | D        | Learned a level 2 spell: Ensorcelled Hibernation
   126 | D        | Noticed an oklob sapling
   128 | D        | Killed an oklob sapling
   128 | D        | Reached skill level 10 in Stealth
   128 | D        | Reached XP level 3. HP: 16/16 MP: 8/8
   140 | D        | Reached skill level 11 in Stealth
   325 | D        | Learned a level 3 spell: Confuse
   426 | D        | Noticed an oklob sapling
   429 | D        | Killed an oklob sapling
   429 | D        | Reached skill level 12 in Stealth
   429 | D        | Reached XP level 4. HP: 21/21 MP: 9/9
   546 | D        | Found an opulent altar of Gozag.
   546 | D        | Found a hazy altar of Hepliaklqana.
   546 | D        | Found a burning altar of Makhleb.
   546 | D        | Found a roughly hewn altar of Beogh.
   546 | D        | Found a sparkling altar of Nemelex Xobeh.
   546 | D        | Found a snail-covered altar of Cheibriados.
   546 | D        | Found a sacrificial altar of Ru.
   546 | D        | Found a deep blue altar of Sif Muna.
   546 | D        | Found a shimmering altar of Xom.
   546 | D        | Found a basalt altar of Yredelemnul.
   549 | D        | Found a viscous altar of Jiyva.
   549 | D        | Found a bloodstained altar of Trog.
   550 | D        | Found an iron altar of Okawaru.
   550 | D        | Found a shadowy altar of Dithmenos.
   550 | D        | Found a glowing silver altar of Zin.
   551 | D        | Found an ancient bone altar of Kikubaaqudgha.
   551 | D        | Found a hide-covered altar of Uskayaw.
   552 | D        | Found a stormy altar of Qazlal.
   552 | D        | Found a white marble altar of Elyvilon.
   552 | D        | Found a glowing golden altar of the Shining One.
   553 | D        | Found a corrupted altar of Lugonu.
   553 | D        | Found a radiant altar of Vehumet.
   556 | D        | Reached skill level 13 in Stealth
   556 | D        | Reached skill level 5 in Hexes
   561 | D        | Became a worshipper of Dithmenos the Shadowed
   571 | D        | Reached skill level 14 in Stealth
   571 | D        | Reached XP level 5. HP: 24/24 MP: 10/12
   584 | D        | Learned a level 3 spell: Tukima's Dance
   588 | D        | Learned a level 3 spell: Dazzling Spray
   611 | D        | Reached * piety under Dithmenos
   611 | D        | Reached skill level 15 in Stealth
   611 | D        | Reached skill level 5 in Spellcasting
   859 | D        | Found Baofyhud's Magic Scroll Shop.
   864 | D        | Found Buihupt's Antique Weapon Emporium.
   866 | D        | Noticed a wandering mushroom
   867 | D        | Noticed a burning bush
   868 | D        | Found Etuus's Book Shoppe.
   900 | D        | Mangled by a wandering mushroom

Vault maps used:
D:        dungeon_sprint_fedhas

Skill      XL: |  1  2  3  4  5 |
---------------+----------------+-----
Stealth        | 7 10 12 14 15 | 15.1
Spellcasting   | 4 5 |  5.4
Hexes          | 5 6 |  6.9
Dodging        | 4 |  4.8
Short Blades   | |  1.7
Ice Magic      | |  0.8

Action                   |  1- 3 |  4- 6 || total
-------------------------+-------+-------++-------
Melee: Dagger            |     9 |    10 ||    19
 Cast: Corona            |     1 |       ||     1
       Ensorcelled Hiber |     4 |    17 ||    21
       Confuse           |       |     5 ||     5
  Use: Potion            |     1 |     2 ||     3
       Scroll            |       |     1 ||     1
 Stab: Sleeping          |     4 |     5 ||     9
Armor: Robe              |       |     2 ||     2
Dodge: Dodged            |     5 |    18 ||    23
